 Dungeon Crawl Stone Soup version 0.30-a0-389-g8d7d949f56 (webtiles) character file.

Game seed: 17812080332215423264

2 pokeman the Magician (level 1, 0/10 HPs)
             Began as a Deep Elf Hedge Wizard on Dec 4, 2022.
             Slain by a jackal (2 damage)
             ... on level 1 of the Dungeon.
             The game lasted 00:00:32 (100 turns).

pokeman the Magician (Deep Elf Hedge Wizard)         Turns: 100, Time: 00:00:32

Health: 0/10       AC:  2    Str:  7    XL:     1   Next: 33%
Magic:  5/8        EV: 12    Int: 18    God:
Gold:   0          SH:  0    Dex: 14    Spells: 8/9 levels left

rFire   . . .      SeeInvis .    a - +0 dagger
rCold   . . .      Faith    .    (no shield)
rNeg    . . .      Spirit   .    b - +0 robe
rPois   .          Reflect  .    c - +0 hat
rElec   .          Harm     .    (no cloak)
rCorr   .          Rampage  .    (no gloves)
Will    .....                    (no boots)
Stlth   ++........               (no amulet)
HPRegen 0.21/turn                (no ring)
MPRegen 0.11/turn                (no ring)

@: no status effects
A: no striking features
a: no special abilities


You were on level 1 of the Dungeon.
You visited 1 branch of the dungeon, and saw 1 of its levels.

Inventory:

Hand Weapons
 a - a +0 dagger (weapon)
Armour
 b - a +0 robe (worn)
 c - a +0 hat (worn)
Scrolls
 e - a scroll of identify {unknown}
Potions
 d - a potion of magic


   Skills:
 + Level 0.1 Fighting
 + Level 0.1 Armour
 - Level 2.4 Dodging
 - Level 2.4 Stealth
 * Level 4.5 Spellcasting
 + Level 1.2 Conjurations
 - Level 1.1 Summonings
 - Level 1.1 Translocations


You had 8 spell levels left.
You knew the following spells:

 Your Spells              Type           Power      Damage    Failure   Level
a - Magic Dart            Conj           32%        1d4       9%          1

Your spell library contained the following spells:

 Spells                   Type           Power      Damage    Failure   Level
 Slow                     Hex            16%        N/A       14%         1
 Blink                    Tloc           16%        N/A       14%         2
 Call Imp                 Summ           8%         N/A       14%         2
 Cigotuvi's Dreadful Rot  Necr/Pois/Air  8%         N/A       22%         2
 Mephitic Cloud           Conj/Pois/Air  5%         N/A       34%         3


Dungeon Overview and Level Annotations

Branches:
Dungeon (1/15)

Altars:


Message History

Aiming: Magic Dart (safe; 9% risk of failure)
Press: ? - help, Shift-Dir - straight line, f/p - jackal
Aim: a jackal (moderately wounded, 100% to hit)
You miscast Magic Dart.
You are very lightly contaminated with residual magic.
Nothing appears to happen.
The jackal bites you but does no damage.
The giant cockroach barely misses you. The jackal bites you.
A dart slug comes into view.
Unknown command.
You hit the jackal.
The jackal is severely wounded.
The jackal closely misses you. The giant cockroach misses you.
You hit the jackal.
You kill the jackal!
The giant cockroach bites you.
The dart slug briefly extends its eye-stalks.
You miss the jackal. The jackal closely misses you.
The giant cockroach bites you. The jackal misses you.
You barely miss the jackal.
The giant cockroach waves its antennae.
The giant cockroach closely misses you. The jackal closely misses you.
The giant cockroach waves its antennae.
The giant cockroach bites you but does no damage.
You hit the jackal but do no damage. The jackal bites you.
The giant cockroach closely misses you.
You hit the jackal but do no damage.
The jackal bites you but does no damage.
The giant cockroach bites you. The jackal closely misses you.
Your magical contamination has completely faded away.
You hit the jackal.
The jackal is heavily wounded.
The jackal bites you but does no damage.
The giant cockroach bites you.
* * * LOW HITPOINT WARNING * * *
You hit the jackal.
The jackal is severely wounded.
The jackal barely misses you. The giant cockroach closely misses you.
The jackal bites you.
You die...

#≈≈≈~~≈~~~~≈≈≈#
#≈≈≈~~~~≈~~≈≈≈#
#≈≈~~~~~≈≈~≈≈≈#
#≈≈~~~~~≈≈~~≈≈#
#≈≈~≈≈≈~≈≈≈~≈≈#
#≈~~~~~~~~~~~≈#
#...(.........#
#.8.⌠⌠⌠(⌠⌠⌠.8.#
#..B@.........#
###h###+###+###
......wr.........
..................
...................
....................
.....................
......................
...............


You could see a dart slug, a jackal, a giant cockroach and a rat.

Vanquished Creatures
  2 jackals (D:1)
2 creatures vanquished.

Notes
Turn   | Place    | Note
-------+----------+-------------------------------------------
     0 | D:1      | pokeman the Deep Elf Hedge Wizard began the quest for the
                  | Orb.
     0 | D:1      | Reached XP level 1. HP: 10/10 MP: 7/7
   100 | D:1      | Slain by a jackal

Illustrated notes

Levels and vault maps discovered:
D:1:      zaba_arrival_water, layout_basic

Action                   || total
-------------------------++-------
Melee: Dagger            ||     8
 Cast: Magic Dart        ||     8
Armor: Robe              ||     5
Dodge: Dodged            ||    15

Table legend: (Time is in decaauts)
 A = Elapsed time spent in this place.
 B = Non-inter-level travel time spent in this place.
 C = Inter-level travel time spent in this place.
 D = Time resting spent in this place.
 E = Time spent auto-exploring this place.
 F = Levels seen in this place.
 G = Mean time per level.
                   A        B        C        D        E       F      G
               +--------+--------+--------+--------+--------+-----+--------+
         Total |    106 |    106 |      0 |     44 |     20 |   1 |  106.0 |
       Dungeon |    106 |    106 |      0 |     44 |     20 |   1 |  106.0 |
               +--------+--------+--------+--------+--------+-----+--------+

Top non-repeatable levels by time:
     D:1: 106 daAuts
